 Dungeon Crawl Stone Soup version 0.20.0-15-g7f486f2 (webtiles) character file.

214 greprep the Chopper (level 5, -3/47 HPs)
             Began as a Minotaur Fighter on June 14, 2017.
             Slain by Pikel
             ... wielding a +0 whip of electrocution
              (16 damage)
             ... on level 5 of the Dungeon.
             The game lasted 00:04:33 (2443 turns).

greprep the Chopper (Minotaur Fighter)              Turns: 2443, Time: 00:04:34

Health: -3/47      AC:  7    Str: 22    XL:     5   Next: 60%
Magic:  4/4        EV:  8    Int:  5    God:
Gold:   215        SH:  9    Dex:  9    Spells: 4/4 levels left

rFire    . . .     SeeInvis .   r - +2 hand axe (drain)
rCold    . . .     Gourm    .   c - +0 shield
rNeg     . . .     Faith    .   b - +0 scale mail
rPois    .         Spirit   .   (helmet restricted)
rElec    .         Reflect  .   y - scarf {cloud immunity}
rCorr    .         Harm     .   (no gloves)
MR       .....                  (no boots)
Stlth    ..........             (no amulet)
Regen    0.2/turn               v - ring of flight
MPRegen  0.1/turn               (no ring)

@: no status effects
A: retaliatory headbutt, horns 2
a: Evoke Flight


You were on level 5 of the Dungeon.
You were not hungry.

You visited 1 branch of the dungeon, and saw 5 of its levels.

You collected 215 gold pieces.

Inventory:

Hand Weapons
 a - a +0 war axe
 r - a +2 hand axe of draining (weapon)
Armour
 b - a +0 scale mail (worn)
 c - a +0 shield (worn)
 y - a scarf of cloud immunity (worn)
Jewellery
 v - a ring of flight (left hand)
Wands
 p - a wand of random effects (29/48)
 E - a wand of random effects (17/48)
Scrolls
 e - 2 scrolls of noise {unknown}
 h - 5 scrolls of identify {unknown}
 j - a scroll of recharging {unknown}
 k - 2 scrolls of blinking {unknown}
 n - 2 scrolls of fear {unknown}
 o - 2 scrolls of enchant armour {unknown}
 q - 3 scrolls of enchant weapon {unknown}
 s - 2 scrolls of immolation {unknown}
 t - a scroll of random uselessness {unknown}
 u - a scroll of teleportation {unknown}
 x - 4 scrolls of remove curse {unknown}
 B - a scroll of amnesia {unknown}
Potions
 d - a potion of might
 g - a potion of curing {unknown}
 l - a potion of mutation {unknown}
 m - a potion of degeneration {unknown}
 w - a potion of agility {unknown}
 z - 5 potions of flight {unknown}
 A - a potion of ambrosia {unknown}
Comestibles
 f - 4 bread rations
 i - 2 fruits
 C - a royal jelly
 D - a chunk of flesh


   Skills:
 + Level 4.6 Fighting
 + Level 5.1 Axes
 + Level 4.6 Armour
 + Level 0.7 Dodging
 + Level 4.3 Shields


You had 4 spell levels left.
You didn't know any spells.

Dungeon Overview and Level Annotations

Branches:
Dungeon (5/15)
 Temple: D:4-7

Altars:
Ashenzari

Annotations:
D:5 Pikel


Innate Abilities, Weirdness & Mutations

You reflexively headbutt those who attack you in melee.
You have a pair of horns on your head.


Message History

You are too injured to fight recklessly!
You are too injured to fight recklessly!
You closely miss Pikel. Your headbutt misses Pikel.
Pikel is heavily wounded.
You block Pikel's attack.
You hit Pikel. You drain Pikel! Your headbutt misses Pikel.
Pikel is heavily wounded.
Pikel hits you with a whip of electrocution.
* * * LOW HITPOINT WARNING * * *
A slave comes into view.
You hit Pikel but do no damage.
Pikel is heavily wounded.
Pikel closely misses you.
You hit Pikel. Your headbutt misses Pikel.
Pikel is heavily wounded.
Pikel hits you but does no damage.
You hit Pikel. Your headbutt misses Pikel.
Pikel is severely wounded.
Pikel hits you but does no damage.
You are electrocuted!
You die... ### #pp

#p# #p# #K# #@#
#.# ####.######
#.........#
#.........#######.
#.................
####.#####........
#.# #........
##.#####........


You could see Pikel and 4 slaves.

Vanquished Creatures
  2 orc wizards (D:4)
  6 adders
  2 adder skeletons
  2 worms
  6 orcs
  16 giant cockroaches
  5 hobgoblins
  2 quokkas (D:2)
  2 ball pythons
  11 bats
  8 frilled lizards
  6 goblins
  A jackal skeleton (D:4)
  9 kobolds
  10 rats
88 creatures vanquished.

Notes
Turn   | Place    | Note
-------+----------+-------------------------------------------
     0 | D:1      | greprep the Minotaur Fighter began the quest for the Orb.
     0 | D:1      | Reached XP level 1. HP: 19/19 MP: 0/0
     2 | D:1      | Noticed a naga
     3 | D:1      | Noticed a vampire
     5 | D:1      | Noticed a gargoyle
     5 | D:1      | Noticed a dwarf
     7 | D:1      | Noticed a minotaur
     7 | D:1      | Noticed a felid
     9 | D:1      | Noticed a draconian
     9 | D:1      | Noticed a halfling
    11 | D:1      | Noticed an elf
    13 | D:1      | Noticed a troll
    13 | D:1      | Noticed a ghoul
    15 | D:1      | Noticed a spriggan
    15 | D:1      | Noticed a human
    17 | D:1      | Noticed an octopode
    19 | D:1      | Noticed a demigod
    21 | D:1      | Noticed a formicid
    24 | D:1      | Noticed an ogre
    24 | D:1      | Noticed a tengu
    26 | D:1      | Noticed a vine stalker
    26 | D:1      | Noticed a merfolk
    28 | D:1      | Noticed a centaur
    28 | D:1      | Noticed a demonspawn
   308 | D:1      | Reached XP level 2. HP: 27/27 MP: 1/1
   740 | D:2      | Reached XP level 3. HP: 33/33 MP: 2/2
   756 | D:2      | Reached skill level 3 in Axes
   993 | D:2      | Reached XP level 4. HP: 40/40 MP: 3/3
  1168 | D:3      | Found a shattered altar of Ashenzari.
  1181 | D:3      | Reached skill level 4 in Axes
  1903 | D:4      | Reached XP level 5. HP: 47/47 MP: 4/4
  2258 | D:4      | Reached skill level 5 in Axes
  2397 | D:5      | Entered Level 5 of the Dungeon
  2430 | D:5      | Noticed Pikel
  2430 | D:5      | Noticed a slave
  2430 | D:5      | Noticed a slave
  2431 | D:5      | Noticed a slave
  2441 | D:5      | Noticed a slave
  2443 | D:5      | Slain by Pikel

Skill      XL: |  1  2  3  4  5 |
---------------+----------------+-----
Fighting       | 4 |  4.6
Shields        | 4 |  4.3
Armour         | 4 |  4.6
Axes           | 3 4 5 |  5.1
Dodging        | |  0.7

Action                   |  1- 3 |  4- 6 || total
-------------------------+-------+-------++-------
Melee: War axe           |    81 |       ||    81
       Headbutt          |    14 |    11 ||    25
       Hand axe          |    19 |    81 ||   100
  Eat: Chunk             |       |     5 ||     5
Armor: Scale mail        |    54 |    41 ||    95
Dodge: Dodged            |    32 |    19 ||    51
Block: Shield            |    44 |    24 ||    68
